 Dungeon Crawl Stone Soup version 0.30-a0-1075-gcd70e7a56d (webtiles) character file.

Game seed: 6529653362014127781

2080294 Zeldest the Ruinous (level 27, 206/206 HPs)
             Began as a Human Artificer on Apr 14, 2023.
             Was a Favourite Plaything of Xom.
             Escaped with the Orb
             ... and 4 runes on Apr 15, 2023!
             The game lasted 05:27:35 (88253 turns).

Zeldest the Ruinous (Human Artificer)              Turns: 88253, Time: 05:27:35

Health: 206/206    AC: 29    Str: 10    XL:     27
Magic:  36/36      EV: 19    Int: 33    God:    Xom [..*...]
Gold:   5967       SH: 13    Dex: 19    Spells: 3/52 levels left

rFire   + + +      SeeInvis +    a - +3 Elemental Staff {rElec rF+ rC+ AC+3}
rCold   + . .      Faith    .    X - +3 buckler {rF+}
rNeg    + . .      Spirit   +    I - +4 moon troll leather armour {Spirit, Regen++ MP+5}
rPois   .          Reflect  .    Y - +4 helmet of Joyf {Dex+2 SInv}
rElec   +          Rampage  .    L - scarf "Fiyfauh" {+Inv, rF+ rCorr Int+4}
rCorr   +                        z - +0 pair of gloves of the Butterfly {Fly rElec MP-9 Slay+5}
Will    +++++                    e - +2 pair of boots {Stlth+}
Stlth   +                        Z - amulet of Teut {RegenMP Dex+4 Stlth-}
HPRegen 2.14/turn                O - ring "Pem Dax" {rElec rN+ Will++ AC+4 Str-3}
MPRegen 0.65/turn                W - ring of Nuik {rElec Will+ Int+3 Slay+2 SInv}

@: flying
A: iridescent scales 1, large bone plates 1, clever 1, screaming 1, weak 1
0: Orb of Zot
}: 4/15 runes: serpentine, barnacled, slimy, silver
a: Renounce Religion, Evoke Invisibility


You escaped.
You worshipped Xom.
You were a toy of Xom.
You visited 12 branches of the dungeon, and saw 56 of its levels.
You visited 1 bazaar.
You visited 1 ziggurat, and saw 12 of its levels.
You also visited: Bailey and Wizlab.

You collected 10829 gold pieces.
You spent 4862 gold pieces at shops.

Inventory:

Hand Weapons
 a - the +3 Elemental Staff (weapon) {rElec rF+ rC+ AC+3}
   (You bought it in a shop on level 1 of the Elven Halls)

   It enhances your fire, ice, earth and air magic.
   AC:        It affects your AC (+3).
   rF:        It protects you from fire.
   rC:        It protects you from cold.
   rElec:     It insulates you from electricity.
 b - the +9 staff of Olgreb {rPois∞}
   (You acquired it on level 7 of the Dungeon)

   It enhances your poison magic.
   It grants immunity to poison.
   It can be activated via the 'a'bility menu to radiate toxic energy, with
   effectiveness depending on Evocations skill.
 w - a +9 broad axe of flaming
Missiles
 D - 7 throwing nets
Armour
 e - a +2 pair of boots of stealth (worn)
 m - the +8 ring mail "Vofad" {Int+3}
   (You found it on level 3 of the Dungeon)

   Int:       It affects your intelligence (+3).
 x - the +3 Mad Mage's Maulers {Infuse+∞ VampMP -Cast}
   (You found it on level 9 of a ziggurat)

   Infuse+∞: It empowers its wearer's blows with all of their magic.
   VampMP:    Blows struck in melee replenish the wearer's magic.
   -Cast:     It prevents spellcasting.
 z - the +0 pair of gloves of the Butterfly (worn) {Fly rElec MP-9 Slay+5}
   (You acquired it on level 7 of the Dungeon)

   Slay:      It affects your accuracy & damage with ranged weapons and melee
   (+5).
   rElec:     It insulates you from electricity.
   MP:        It affects your magic capacity (-9).
   Fly:       It grants you flight.
 I - the +4 moon troll leather armour (worn) {Spirit, Regen++ MP+5}
   (You took it off a moon troll in a wizard's laboratory)

   MP:        It affects your magic capacity (+5).
   Regen:     It increases your rate of health regeneration.
 L - the scarf "Fiyfauh" (worn) {+Inv, rF+ rCorr Int+4}
   (You acquired it on level 1 of the Vaults)

   Int:       It affects your intelligence (+4).
   rF:        It protects you from fire.
   rCorr:     It protects you from acid and corrosion.
 X - a +3 buckler of fire resistance (worn)
 Y - the +4 helmet of Joyf (worn) {Dex+2 SInv}
   (You bought it in a shop on level 2 of the Snake Pit)

   Dex:       It affects your dexterity (+2).
   SInv:      It lets you see invisible.
Jewellery
 y - the ring of the Tortoise {AC+8}
   (You found it on level 3 of the Crypt)

   [ring of protection]

   AC:        It affects your AC (+8).
 O - the ring "Pem Dax" (left hand) {rElec rN+ Will++ AC+4 Str-3}
   (You acquired it on level 12 of the Dungeon)

   [ring of protection]

   AC:        It affects your AC (+4).
   Str:       It affects your strength (-3).
   rElec:     It insulates you from electricity.
   rN:        It protects you from negative energy.
   Will:      It greatly increases your willpower.
 W - the ring of Nuik (right hand) {rElec Will+ Int+3 Slay+2 SInv}
   (You found it on level 1 of the Depths)

   [ring of see invisible]

   Int:       It affects your intelligence (+3).
   Slay:      It affects your accuracy & damage with ranged weapons and melee
   (+2).
   rElec:     It insulates you from electricity.
   SInv:      It lets you see invisible.
   Will:      It increases your willpower.
 Z - the amulet of Teut (around neck) {RegenMP Dex+4 Stlth-}
   (You took it off a deep elf death mage on level 3 of the Elven Halls)

   [amulet of magic regeneration]

   It increases your rate of magic regeneration.
   Dex:       It affects your dexterity (+4).
   Stlth:     It makes you less stealthy.
Wands
 d - a wand of charming (4)
 h - a wand of paralysis (78)
 B - a wand of mindburst (63)
 J - a wand of acid (33)
 P - a wand of digging (9)
 V - a wand of roots (35)
Scrolls
 f - 13 scrolls of fog
 l - 14 scrolls of enchant armour
 n - 6 scrolls of fear
 o - 10 scrolls of vulnerability
 p - 13 scrolls of poison
 q - 3 scrolls of silence
 r - 4 scrolls of butterflies
 u - 2 scrolls of blinking
 A - 3 scrolls of immolation
 G - 8 scrolls of amnesia
 K - 3 scrolls of magic mapping
 N - 24 scrolls of teleportation
Potions
 c - 4 potions of ambrosia
 g - 24 potions of curing
 i - 6 potions of haste
 j - 11 potions of berserk rage
 k - 5 potions of brilliance
 v - 9 potions of mutation
 C - 7 potions of resistance
 F - 9 potions of flight
 M - 6 potions of might
 Q - 4 potions of invisibility
 R - 2 potions of cancellation
 S - 3 potions of magic
 T - 4 potions of attraction
 U - a potion of heal wounds
Miscellaneous
 s - a phantom mirror
 t - a condenser vane
 E - a box of beasts


   Skills:
 + Level 14.6 Fighting
 - Level 18.0 Axes
 - Level 12.0 Staves
 + Level 11.5 Armour
 + Level 11.6 Dodging
 - Level 1.0 Stealth
 + Level 6.7 Shields
 - Level 13.2 Spellcasting
 - Level 24.1 Conjurations
 - Level 12.0 Summonings
 - Level 7.1 Transmutations
 - Level 23.3 Fire Magic
 - Level 2.0 Air Magic
 - Level 13.0 Earth Magic
 - Level 7.1 Poison Magic
 - Level 17.4 Evocations


You had 3 spell levels left.
You knew the following spells:

 Your Spells              Type           Power      Damage    Failure   Level
a - Fire Storm            Conj/Fire      66%        8d17      19%         9
b - Ignite Poison         Fire/Tmut/Pois 100%       N/A       1%          3
c - Starburst             Conj/Fire      66%        6d17      1%          6
d - Ignition              Fire           66%        3d18      1%          8
e - Spellforged Servitor  Conj/Summ      48%        N/A       1%          7
f - Iron Shot             Conj/Erth      60%        9d11      1%          6
g - Blink                 Tloc           42%        N/A       4%          2
h - Lehudib's Crystal Sp  Conj/Erth      60%        10d14     11%         8

Your spell library contained the following spells:

 Spells                   Type           Power      Damage    Failure   Level
 Foxfire                  Conj/Fire      100%       2x1d9     0%          1
 Magic Dart               Conj           100%       1d8       0%          1
 Sandblast                Erth           100%       2d20      0%          1
 Shock                    Conj/Air       100%       1d9       0%          1
 Searing Ray              Conj           100%       2d8       0%          2
 Stone Arrow              Conj/Erth      100%       3d13      0%          3
 Sting                    Tmut/Pois      100%       1d8       1%          1
 Summon Small Mammal      Summ           100%       N/A       1%          1
 Momentum Strike          Conj/Tloc      100%       3d10      1%          2
 Passwall                 Tmut/Erth      77%        N/A       1%          2
 Poisonous Vapours        Pois/Air       100%       N/A       1%          2
 Static Discharge         Conj/Air       100%       2-7/arc   1%          2
 Dazzling Flash           Conj/Hex       100%       N/A       1%          3
 Hailstorm                Conj/Ice       100%       3d20      1%          3
 Inner Flame              Hex/Fire       99%        N/A       1%          3
 Mephitic Cloud           Conj/Pois/Air  97%        N/A       1%          3
 Spider Form              Tmut/Pois      62%        N/A       1%          3
 Summon Guardian Golem    Hex/Summ       57%        N/A       1%          3
 Volatile Blastmotes      Fire/Tloc      100%       2d18      1%          3
 Apportation              Tloc           42%        N/A       3%          1
 Necrotise                Necr           84%        1d8       3%          1
 Slow                     Hex            84%        N/A       3%          1
 Ensorcelled Hibernation  Hex/Ice        66%        N/A       4%          2
 Lesser Beckoning         Tloc           42%        N/A       4%          2
 Sublimation of Blood     Necr           21%        N/A       4%          2
 Swiftness                Air            52%        N/A       4%          3
 Vhi's Electric Charge    Tloc/Air       84%        N/A       6%          3
 Confusing Touch          Hex            21%        N/A       10%         3
 Ozocubu's Armour         Ice            33%        N/A       10%         3
 Portal Projectile        Hex/Tloc       42%        N/A       10%         3
 Teleport Other           Tloc           21%        N/A       10%         3
 Vampiric Draining        Necr           21%        2d7       10%         3
 Sticky Flame             Conj/Fire      100%       2d11      0%          4
 Fireball                 Conj/Fire      66%        3d25      0%          5
 Iskenderun's Battlesphe  Conj           100%       2d15      0%          5
 Animate Armour           Summ/Erth      100%       N/A       1%          4
 Fulminant Prism          Conj/Hex       39%        3d17      1%          4
 Iskenderun's Mystic Bla  Conj/Tloc      79%        2d16      1%          4
 Olgreb's Toxic Radiance  Pois           62%        N/A       1%          4
 Petrify                  Tmut/Erth      93%        N/A       1%          4
 Summon Lightning Spire   Summ/Air       80%        N/A       1%          4
 Arcjolt                  Conj/Air       52%        1d62      1%          5
 Irradiate                Conj/Tmut      45%        3d26      1%          5
 Lee's Rapid Deconstruct  Erth           52%        3d24*     1%          5
 Orb of Destruction       Conj           55%        9d14      1%          7
 Leda's Liquefaction      Hex/Erth       38%        N/A       2%          4
 Conjure Ball Lightning   Conj/Air       52%        3x3d18    2%          6
 Plasma Beam              Fire/Air       63%        2x1d86    2%          6
 Alistair's Intoxication  Tmut/Pois      41%        N/A       4%          5
 Blade Hands              Tmut           31%        N/A       4%          5
 Ice Form                 Ice/Tmut       62%        N/A       7%          4
 Summon Forest            Summ/Tloc      28%        N/A       8%          5
 Statue Form              Tmut/Erth      62%        N/A       8%          6
 Airstrike                Air            26%        2d(4-20)  14%         4
 Summon Hydra             Summ           39%        N/A       21%         7
 Anguish                  Hex/Necr       10%        N/A       32%         4
 Cause Fear               Hex            10%        N/A       32%         4
 Manifold Assault         Tloc           21%        N/A       32%         4
 Passage of Golubria      Tloc           21%        N/A       32%         4
 Silence                  Hex/Air        21%        N/A       52%         5
 Agony                    Necr           21%        N/A       65%         5
 Metabolic Englaciation   Hex/Ice        16%        N/A       65%         5
 Dragon Form              Tmut           31%        N/A       82%         7
 Malign Gateway           Summ/Tloc      28%        N/A       93%         7
 Dispersal                Tloc           10%        N/A       99%         6
 Simulacrum               Ice/Necr       16%        N/A       99%         6
 Storm Form               Tmut/Air       33%        N/A       99%         7
 Enfeeble                 Hex            10%        N/A       100%        7
 Ozocubu's Refrigeration  Ice            16%        4d11      100%        7
 Discord                  Hex            10%        N/A       100%        8
 Disjunction              Tloc           10%        N/A       100%        8
 Maxwell's Capacitive Co  Air            26%        ∞         100%        8
 Chain Lightning          Conj/Air       52%        3d69      100%        9
 Polar Vortex             Ice            16%        N/A       100%        9


Dungeon Overview and Level Annotations

Branches:
Dungeon (15/15)            Temple (1/1) D:6            Lair (5/5) D:10
 Shoals (4/4) Lair:3        Snake (4/4) Lair:3        Slime (5/5) Lair:4
    Orc (2/2) D:9             Elf (3/3) Orc:2        Vaults (5/5) D:13
  Crypt (3/3) Vaults:2       Tomb (0/3) Crypt:3      Depths (4/4) D:15
    Zot (5/5) Depths:4     Bailey (visited)          WizLab (visited)

Altars:
Ashenzari
Cheibriados
Dithmenos
Elyvilon
Fedhas
Gozag
Hepliaklqana
Kikubaaqudgha
Makhleb
Nemelex Xobeh
Okawaru
Qazlal
Ru
Sif Muna
Trog
Uskayaw
Vehumet
Wu Jian
Xom
Yredelemnul
Zin
The Shining One
Jiyva

Shops:
D:8 *   D:9 ([   D:14 (   Orc:2 *[(:   Elf:1 ([*   Snake:1 *   Snake:2 (*
Snake:3 *   Vaults:1 ?   Vaults:4 ?((   Depths:1 :=:

Portals:
Hell: Depths:1 Depths:2 Depths:3 Depths:4
Abyss: Depths:2 Depths:3
Pandemonium: Depths:1 Depths:2

Annotations:
D:5 2 transporters
D:15 3 runed translucent doors, Otyfaod's ghost, adept GrFi
Elf:2 3 runed translucent doors, Azrael
Crypt:2 2 transporters, exclusion: orange crystal statue
Depths:4 1 runed translucent door, Gavod's ghost, veteran TeWr


Innate Abilities, Weirdness & Mutations

You are partially covered in iridescent scales. (AC +2)
You are partially covered in large bone plates. (SH +4)
Your mind is acute. (Int +4, Str/Dex -1)
You occasionally shout uncontrollably at your foes.
You are weak. (Str -2)


Message History

Natasha casts a spell.
You see here an orb of guile.
(D) Dungeon (T) Temple (L) Lair (A) Shoals (P) Snake Pit (M) Slime Pits (O) Orcish Mines (E) Elven Halls (V) Vaults (C) Crypt (W) Tomb (U) Depths (H) Hell (Z) Zot
Where to? (Enter - D:1, ? - help)
What level of the Dungeon? (default 1, ? - help)
There are monsters nearby!
Casting: Spellforged Servitor (mildly dangerous; 1% risk of failure)
Confirm with . or Enter, or press ? or * to list all spells.
Aiming: Fire Storm (dangerous; 19% risk of failure)
Press: ? - help, Dir - move target, f - Natasha
Aim: Natasha You feel a strong surge of power!
A raging storm of fire appears!
The great blast of fire engulfs Natasha!!!!
You kill Natasha!
The cerulean imp disappears in a puff of smoke!
(D) Dungeon (T) Temple (L) Lair (A) Shoals (P) Snake Pit (M) Slime Pits (O) Orcish Mines (E) Elven Halls (V) Vaults (C) Crypt (W) Tomb (U) Depths (H) Hell (Z) Zot
Where to? (Enter - D:1, ? - help)
What level of the Dungeon? (default 1, ? - help) Magic restored.
There is a stone staircase leading up, spattered with blood here.
You fly upwards.
Your summoned ally is left behind.
There is a stone staircase leading down, spattered with blood here.
You feel a little less clever now.
There is a stone staircase leading up here.
You fly upwards.
There is a stone staircase leading down here.
You see here 4 stones.
There is a stone staircase leading up here.
You fly upwards.
There is a stone staircase leading down here.
There is an open door here.
There is a staircase leading out of the dungeon here.
You see here a +0 club.
You have escaped!

♣♣♣ ##### #♣@♣#
)...###########8.8#
..............##'##
...>.............#
..............####
#.............#
#.............#
#.............#
#.............#


There were no monsters in sight!

Vanquished Creatures
  the Royal Jelly (Slime:5)
  7 dread liches
  A pandemonium lord (D:13)
  3 orbs of fire
  Mara (Vaults:4)
  2 ancient liches
  Sojobo (Vaults:4)
  2 juggernauts
  Bai Suzhen (Shoals:3)
  8 Killer Klowns
  Xtahua (Vaults:2)
  A caustic shrike (Depths:2)
  8 golden dragons
  A profane servitor (Crypt:2)
  A bone dragon (Vaults:2)
  Jory (Vaults:4)
  Jorgrun (D:14)
  An electric golem (Zot:1)
  9 tentacled monstrosities
  A spectral shard shrike (Crypt:3)
  5 liches
  8 titans
  15 Orb Guardians (Zot:5)
  A walking frostbound tome (Depths:1)
  A moon troll (WizLab)
  2 deep elf blademasters (Elf:3)
  A walking divine tome (Depths:2)
  15 acid blobs
  7 quicksilver dragons
  4 deep elf master archers
  2 ancient champions
  An Executioner (Depths:1)
  6 death cobs
  5 tengu reavers
  8 sphinxes
  6 storm dragons
  6 draconian monks
  4 shadow dragons
  8 tentacled starspawn (WizLab)
  Kirke (Shoals:4)
  12 azure jellies
  Donald (Snake:3)
  A revenant (Crypt:3)
  11 fire giants
  5 rockslimes
  A nargun (Zig:1)
  2 draconian knights
  5 deep elf sorcerers
  7 nagarajas
  2 iron dragons
  18 vault wardens
  7 frost giants
  2 draconian scorchers
  A caustic shrike zombie (Crypt:3)
  An emperor scorpion (Zig:11)
  3 ghost moths
  A juggernaut zombie (Crypt:3)
  5 deep elf elementalists (Elf:3)
  2 balrugs
  2 curse skulls (Crypt:3)
  Aizul (Snake:3)
  A draconian stormcaller (Zot:3)
  8 ghouls
  4 draconian shifters
  A demonspawn corrupter (Depths:4)
  3 cacodemons
  A broodmother (Zig:11)
  6 orc warlords
  8 very ugly things
  7 draconian annihilators
  A reaper (D:4)
  12 quicksilver oozes
  2 war gargoyles (Vaults:5)
  2 demonspawn blood saints (Zig:6)
  4 vampire knights
  17 stone giants
  14 ironbound preservers
  3 ironbound thunderhulks
  7 black draconians
  8 purple draconians
  A spectral titan (Crypt:3)
  A demonspawn black sun (Zig:6)
  12 deep elf demonologists
  7 dire elephants
  8 deep elf annihilators
  5 red draconians
  6 green draconians
  7 white draconians
  2 minotaurs (Shoals:4)
  9 eidola
  2 spark wasps (Depths:1)
  3 blizzard demons
  A crystal guardian (Vaults:4)
  2 yellow draconians
  A green death (Zot:3)
  14 ettins
  3 merfolk javelineers (Zig:8)
  2 spectral quicksilver dragons (Crypt:3)
  A pearl dragon zombie (Crypt:2)
  9 deep elf death magi
  5 merfolk impalers
  5 fire dragons
  18 great orbs of eyes
  9 jiangshi
  9 yaktaur captains
  7 entropy weavers
  An ice dragon (Depths:1)
  A salamander tyrant (Snake:2)
  7 deep elf high priests
  3 peacekeepers
  31 vault guards
  3 nameless horrors
  4 spriggan zombies
  4 hydras
  3 spriggan air magi
  An ogre mage (Zig:12)
  A spectral shadow dragon (Crypt:3)
  7 ironbound frosthearts
  5 merfolk avatars
  4 rakshasas (Depths:2)
  A radroach (Zig:11)
  A jorogumo (Zig:11)
  7 centaur warriors
  An alligator snapping turtle (Shoals:1)
  2 merfolk aquamancers
  17 satyrs
  12 anacondas
  9 dancing weapons
  2 hell hogs (Crypt:2)
  2 catoblepae
  2 two-headed ogres
  7 boulder beetles
  4 death yaks (Lair:4)
  4 orc high priests
  7 vampire magi
  4 deep troll earth magi
  A death knight (Crypt:2)
  13 naga warriors
  4 tengu warriors
  3 deep troll shamans
  4 shock serpents
  A spectral naga (Crypt:3)
  A titan zombie (Crypt:3)
  5 spriggans (Depths:4)
  A shock serpent (shapeshifter) (Depths:2)
  A spectral dire elephant (Crypt:3)
  12 naga sharpshooters
  10 spriggan berserkers
  6 hell knights
  10 deep elf knights
  7 skysharks
  2 soul eaters
  7 shadow wraiths
  9 iron trolls
  17 skeletal warriors
  A skyshark (shapeshifter) (Zig:9)
  A fire crab (Shoals:2)
  Lodul (D:10)
  3 wretched stars (WizLab)
  Amaemon (Lair:3)
  A sea snake (shapeshifter) (D:15)
  A titan skeleton (Crypt:1)
  A death drake (shapeshifter) (D:15)
  13 sea snakes
  8 glowing orange brains
  7 flayed ghosts
  A death drake (Depths:4)
  7 salamander mystics
  5 orange crystal statues
  A bog body (Crypt:2)
  10 deep elf archers
  2 spectral iron dragons (Crypt:3)
  5 wizards
  13 ironbound convokers
  43 deep trolls
  2 orb spiders (Zig:11)
  An obsidian statue (Zig:7)
  A spriggan simulacrum (Crypt:3)
  5 naga ritualists
  7 phantasmal warriors
  12 lindwurms
  2 wolf spiders (Zig:11)
  25 deep elf pyromancers
  17 orc knights
  29 deep elf zephyrmancers
  5 necromancers
  17 fauns
  38 harpies
  A manticore (shapeshifter) (Vaults:3)
  7 orc sorcerers
  A shining eye (shapeshifter) (Depths:2)
  11 mana vipers
  A shadow dragon skeleton (Crypt:3)
  A moth of wrath (shapeshifter) (Zig:2)
  A wolf spider (shapeshifter) (Vaults:3)
  5 cyclopes
  2 shining eyes
  A fire giant zombie (Depths:2)
  18 manticores
  26 salamanders
  23 ugly things
  A spectral fire dragon (Crypt:3)
  A frost giant skeleton (Crypt:2)
  34 black mambas
  3 merfolk sirens
  22 moths of wrath
  21 elephants
  2 rust devils (Depths:2)
  2 dire elephant zombies
  2 apis skeletons (Crypt:2)
  10 naga magi
  9 guardian serpents
  An eye of devastation (shapeshifter) (Zig:2)
  3 ice statues
  6 eyes of devastation (WizLab)
  5 water nymphs
  4 orange demons
  4 torpor snails
  26 vault sentinels
  4 gargoyles
  Maggie (D:7)
  6 komodo dragons
  3 rime drakes
  16 cane toads
  A kobold demonologist (D:13)
  An unseen horror (D:12)
  A grey draconian zombie (Crypt:1)
  27 yaktaurs
  A pale draconian skeleton (Crypt:2)
  8 freezing wraiths
  An efreet (D:12)
  A yaktaur (shapeshifter) (Zig:5)
  A tormentor (D:11)
  2 spriggan skeletons
  4 tengu conjurers
  29 merfolk
  A white draconian skeleton (Crypt:3)
  3 meliai (D:13)
  2 red devils (Depths:2)
  A merfolk (shapeshifter) (Depths:2)
  19 trolls
  2 hellwings
  3 harpy zombies (Crypt:3)
  8 hornets
  A tyrant leech (Lair:5)
  A harpy skeleton (Crypt:3)
  4 polar bears (Lair:5)
  2 tarantellas
  2 hornets (shapeshifter)
  3 wind drakes
  26 blink frogs
  Prince Ribbit (D:7)
  99 slime creatures
  2 jumping spiders (Zig:11)
  16 dream sheep
  A merfolk skeleton (Crypt:3)
  11 snapping turtles
  7 flying skulls
  3 centaur simulacra
  A human (Shoals:4)
  A shadow (D:10)
  3 hogs (Shoals:4)
  A culicivora (Zig:11)
  5 air elementals (Elf:1)
  A fire dragon skeleton (Crypt:2)
  3 wraiths
  8 fire elementals
  A hog (shapeshifter) (D:14)
  18 water elementals
  3 fire bats (Shoals:2)
  8 golden eyes
  7 wyverns
  A naga simulacrum (Crypt:3)
  49 yaks
  A black mamba skeleton (Crypt:3)
  A golden eye (shapeshifter) (Vaults:5)
  8 vampire mosquitoes
  7 basilisks
  A chaos spawn (D:13)
  4 redbacks
  4 neqoxecs
  2 steam dragons
  A naga (shapeshifter) (Depths:3)
  A warg (shapeshifter) (D:14)
  An entropy weaver zombie (Crypt:2)
  A harpy simulacrum (Crypt:3)
  43 nagas
  8 wargs
  10 water moccasins
  A demonspawn zombie (Crypt:2)
  2 acid dragons
  2 floating eyes
  A black bear (shapeshifter) (Depths:2)
  A sky beast (D:7)
  An ice beast (D:8)
  3 black bears
  57 orc warriors
  4 wolves (Lair:2)
  12 centaurs
  32 ogres
  3 kobold brigands
  2 scorpions
  9 earth elementals
  3 necrophages
  3 gnoll sergeants
  15 bullfrogs
  18 wights
  A queen bee zombie (Crypt:2)
  A swamp dragon simulacrum (Crypt:1)
  A warg skeleton (Crypt:3)
  8 killer bees (D:11)
  A howler monkey (shapeshifter) (Vaults:2)
  5 howler monkeys
  6 electric eels
  2 lava snakes (Lair:3)
  5 jellies
  22 orc priests
  A centaur skeleton (Crypt:3)
  4 hounds
  A sleepcap (D:6)
  A black bear zombie (Crypt:1)
  11 starcursed masses (WizLab)
  2 iguanas
  Natasha (twice) (D:4)
  15 orc wizards
  12 gnolls
  9 adders
  2 ufetubi
  An iguana zombie (Crypt:3)
  A worm (D:4)
  4 dart slugs
  78 orcs
  2 endoplasms
  2 giant cockroaches
  7 goblins
  8 hobgoblins
  17 kobolds
  3 quokkas
  9 ball pythons
  11 bats
  A frilled lizard (D:1)
  A giant cockroach zombie (Crypt:1)
  An orc skeleton (Crypt:1)
  6 rats
  13 starspawn tentacles (WizLab)
2291 creatures vanquished.

Vanquished Creatures (collateral kills)
  An ancient lich (Zig:5)
  2 orbs of fire (Zot:5)
  3 juggernauts
  A Killer Klown (Zot:5)
  Saint Roka (Vaults:3)
  A caustic shrike (Depths:3)
  5 golden dragons
  A pandemonium lord (Zig:6)
  An electric golem (Zot:5)
  A shard shrike zombie (Crypt:1)
  10 tentacled monstrosities
  Zenata (Crypt:2)
  A walking earthen tome (Depths:3)
  8 Orb Guardians
  2 titans (Vaults:5)
  3 quicksilver dragons
  6 acid blobs
  A deep elf master archer (Zig:8)
  A death cob (Zot:5)
  An ancient champion (Crypt:2)
  2 sphinxes
  2 draconian monks (Depths:4)
  A shadow dragon (Crypt:3)
  3 storm dragons
  3 tengu reavers
  An azure jelly (Slime:5)
  A demonspawn warmonger (Depths:4)
  3 rockslimes
  2 draconian knights
  A revenant (Crypt:3)
  5 fire giants
  4 vault wardens
  A draconian scorcher (Zot:1)
  A deep elf sorcerer (Vaults:5)
  Louise (Depths:2)
  A draconian stormcaller (Zot:4)
  7 frost giants
  2 draconian annihilators
  3 ghouls
  An orc warlord (Zig:10)
  A spriggan defender (Depths:3)
  2 quicksilver oozes (shapeshifter) (Vaults:5)
  A curse skull (Crypt:2)
  A draconian shifter (Zot:4)
  4 very ugly things (Vaults:5)
  2 war gargoyles
  3 stone giants
  6 green draconians
  4 black draconians
  4 yellow draconians (Zot:4)
  2 white draconians
  10 purple draconians
  6 red draconians
  6 ettins (Zot:4)
  4 deep elf death magi
  7 eidola
  4 fire dragons (Depths:4)
  2 spectral quicksilver dragons (Crypt:3)
  2 yaktaur captains (Vaults:5)
  2 great orbs of eyes
  A deep elf high priest (Vaults:5)
  A caustic shrike simulacrum (Crypt:3)
  A spriggan zombie (Crypt:3)
  3 ice dragons
  A rakshasa (Depths:3)
  A jorogumo (shapeshifter) (Vaults:5)
  A centaur warrior (Zig:8)
  A deep troll shaman (Depths:4)
  A two-headed ogre (Zot:4)
  A hell hog (Crypt:2)
  A spectral stone giant (Crypt:3)
  2 deep troll earth magi (Depths:4)
  A shock serpent (shapeshifter) (Vaults:5)
  A spectral storm dragon (Crypt:3)
  A sun demon (Zot:4)
  A spectral naga (Crypt:3)
  A hell knight (Vaults:5)
  4 iron trolls (Zot:4)
  2 flayed ghosts (Crypt:3)
  8 skeletal warriors
  A glowing orange brain (Slime:5)
  9 deep trolls
  A deep elf archer (Zig:4)
  An obsidian statue (Zig:7)
  5 phantasmal warriors
  3 bog bodies (Crypt:3)
  3 necromancers
  3 shining eyes
  2 ugly things (Vaults:5)
  2 centaur zombies
  8 moths of wrath
  A cyclops (Zig:8)
  2 spectral centaurs (Crypt:3)
  A dire elephant zombie (Crypt:1)
  2 apis skeletons (Crypt:2)
  2 eyes of devastation (Slime:5)
  2 smoke demons (Depths:1)
  A demonic crawler (D:13)
  A cane toad (Lair:4)
  A centaur skeleton (Crypt:1)
  An ice statue (Zig:2)
  An alligator snapping turtle zombie (Crypt:1)
  2 vault sentinels
  A yaktaur (Vaults:5)
  A hydra zombie (Crypt:1)
  An ice devil (Depths:2)
  9 freezing wraiths
  A yellow draconian skeleton (Crypt:2)
  A red draconian skeleton (Crypt:2)
  A spectral harpy (Crypt:3)
  3 trolls (Zot:4)
  A wind drake (Zig:3)
  A hornet (Depths:4)
  21 slime creatures
  8 flying skulls
  2 water elementals (Zig:3)
  A wraith (Crypt:1)
  5 starcursed masses (WizLab)
  7 golden eyes
  A harpy simulacrum (Crypt:3)
  A naga zombie (Crypt:1)
  A swamp drake (shapeshifter) (Depths:3)
  A two-headed ogre skeleton (Crypt:3)
  An ice dragon simulacrum (Crypt:3)
  An orc warrior (Zig:12)
  3 ogres (Zot:4)
  A human zombie (Crypt:3)
  A lava snake skeleton (Crypt:1)
  A dart slug (D:3)
  An orc (D:5)
  An endoplasm (D:3)
  A hobgoblin (D:3)
  A river rat zombie (Crypt:1)
338 creatures vanquished.

Vanquished Creatures (others)
  A pearl dragon zombie (Crypt:2)
  2 anacondas (Snake:1)
  A deep elf knight (Elf:3)
  3 humans (Shoals:4)
  A vampire mosquito (Lair:4)
  An ogre (D:6)
  A gnoll bouda (D:5)
  An orc priest (D:5)
  A quokka (D:2)
  2 demonic plants (WizLab)
  18 fire vortices
  49 fungi
  140 plants
  21 starspawn tentacles (WizLab)
  13 withered plants
255 creatures vanquished.

Grand Total: 2884 creatures vanquished

Notes
Turn   | Place    | Note
-------+----------+-------------------------------------------
     0 | D:1      | Zeldest the Human Artificer began the quest for the Orb.
     0 | D:1      | Reached XP level 1. HP: 15/15 MP: 1/1
    49 | D:1      | Reached skill level 1 in Spellcasting
    92 | D:1      | Reached XP level 2. HP: 21/21 MP: 3/3
    93 | D:1      | Found a faded altar of an unknown god.
   531 | D:1      | Reached XP level 3. HP: 26/26 MP: 6/6
  1696 | D:2      | Reached XP level 4. HP: 29/32 MP: 8/8
  2572 | D:3      | Noticed a scorpion
  2620 | D:3      | Killed a scorpion
  2621 | D:3      | Reached XP level 5. HP: 33/37 MP: 9/11
  2743 | D:3      | Identified the +8 ring mail "Vofad" {Int+3}
  3162 | D:4      | Noticed a black bear
  3182 | D:3      | Killed a black bear
  3183 | D:3      | Reached XP level 6. HP: 23/43 MP: 12/12
  3263 | D:4      | Found an iron altar of Okawaru.
  3698 | D:4      | Found a sacrificial altar of Ru.
  3708 | D:4      | Noticed an ogre
  3717 | D:4      | Killed an ogre
  3718 | D:4      | Reached XP level 7. HP: 14/51 MP: 13/13
  4135 | D:4      | Noticed Natasha
  4144 | D:4      | Killed Natasha
  4227 | D:4      | Reached skill level 5 in Spellcasting
  4296 | D:5      | Entered Level 5 of the Dungeon
  4534 | D:5      | Found a transporter.
  4545 | D:5      | Reached skill level 5 in Evocations
  4630 | D:5      | Found a glowing silver altar of Zin.
  4699 | D:5      | Reached XP level 8. HP: 36/58 MP: 15/15
  4733 | D:5      | Reached skill level 1 in Staves
  4951 | D:5      | Found a transporter.
  5259 | D:6      | Found a blossoming altar of Fedhas.
  5433 | D:6      | Found a staircase to the Ecumenical Temple.
  5469 | D:6      | Reached skill level 1 in Transmutations
  5469 | D:6      | Reached skill level 1 in Earth Magic
  5699 | D:6      | Reached XP level 9. HP: 61/63 MP: 16/16
  5804 | D:6      | Found a broken altar of Ashenzari.
  5808 | D:6      | Found an ornate altar of the Wu Jian Council.
  6596 | D:7      | Found a radiant altar of Vehumet.
  6598 | D:7      | Noticed Prince Ribbit
  6627 | D:7      | Killed Prince Ribbit
  6690 | D:7      | Noticed Maggie
  6712 | D:7      | Killed Maggie
  7019 | D:7      | Reached skill level 1 in Axes
  7019 | D:7      | Reached XP level 10. HP: 32/70 MP: 17/17
  7145 | D:7      | Identified 2 scrolls of acquirement
  7146 | D:7      | Acquired the +0 pair of gloves of the Butterfly {Fly rElec
                  | MP-9 Slay+5}
  7153 | D:7      | Acquired the +9 staff of Olgreb {rPois∞}
  7153 | D:7      | Found the +9 staff of Olgreb {rPois∞}
  7286 | D:8      | Reached skill level 1 in Poison Magic
  7403 | D:8      | Found a white marble altar of Elyvilon.
  8060 | D:8      | Found Wytuid's General Store.
  8071 | D:8      | Bought a scroll of teleportation for 45 gold pieces
  8071 | D:8      | Bought a scroll of magic mapping for 112 gold pieces
  8357 | D:9      | Reached skill level 5 in Staves
  8453 | D:9      | Reached XP level 11. HP: 66/75 MP: 1/18
  8681 | D:9      | Found Ypnutear's Armour Boutique.
  8682 | D:9      | Found a staircase to the Orcish Mines.
  8683 | D:9      | Found Luaff's Weapon Boutique.
  8792 | D:9      | Found a flagged portal.
  8815 | Bailey   | Entered a bailey
  8944 | Bailey   | Reached skill level 5 in Poison Magic
  9032 | Bailey   | Noticed an orc knight
  9033 | Bailey   | Noticed an orc knight
  9044 | Bailey   | Killed an orc knight
  9044 | Bailey   | Killed an orc knight
  9102 | Bailey   | Noticed an orc knight
  9124 | Bailey   | Killed an orc knight
  9125 | Bailey   | Reached skill level 10 in Evocations
  9218 | Bailey   | Noticed an orc knight
  9305 | Bailey   | Killed an orc knight
  9431 | Bailey   | Acquired the +7 Kryia's mail coat {PotionHeal*2 rC+}
  9431 | Bailey   | Found the +7 Kryia's mail coat {PotionHeal*2 rC+}
  9846 | D:10     | Entered Level 10 of the Dungeon
  9894 | Orc:1    | Entered Level 1 of the Orcish Mines
 10007 | Orc:1    | Noticed an orc sorcerer
 10017 | Orc:1    | Killed an orc sorcerer
 10272 | Orc:1    | Noticed an orc knight
 10283 | D:9      | Killed an orc knight
 10351 | Orc:1    | Reached XP level 12. HP: 52/81 MP: 4/21
 10474 | Orc:1    | Noticed an orc high priest
 10480 | Orc:1    | Killed an orc high priest
 10481 | Orc:1    | Reached skill level 5 in Axes
 10857 | Orc:1    | You are sucked into a shaft and drop 1 floor!
 10857 | Orc:2    | Entered Level 2 of the Orcish Mines
 10857 | Orc:2    | Found Tuonkoh's Book Boutique.
 11553 | Orc:2    | Noticed an orc warlord
 11654 | Orc:1    | Killed an orc warlord
 11734 | Orc:2    | Found Zinifer's Antique Armour Boutique.
 11924 | Orc:2    | Noticed an orc warlord
 11943 | Orc:1    | Killed an orc warlord
 12079 | Orc:1    | Reached XP level 13. HP: 71/86 MP: 9/22
 12245 | Orc:2    | Found a staircase to the Elven Halls.
 12376 | Orc:2    | Bought the Almanac of the Transposed Hornet for 510 gold
                  | pieces
 12380 | Orc:2    | Learned a level 3 spell: Ignite Poison
 12490 | Orc:2    | Found Ottifur's General Store.
 12732 | Orc:2    | Found Muena's Antique Weapon Boutique.
 12978 | D:10     | Noticed Lodul
 12983 | D:10     | Reached skill level 1 in Fire Magic
 12984 | D:10     | Reached skill level 5 in Transmutations
 13084 | D:10     | Found a snail-covered altar of Cheibriados.
 13209 | D:10     | You are sucked into a shaft and drop 1 floor!
 13513 | D:10     | Killed Lodul
 13932 | D:10     | Found a staircase to the Lair.
 13976 | Lair:1   | Entered Level 1 of the Lair of Beasts
 14021 | Lair:1   | Reached skill level 10 in Axes
 14044 | Lair:1   | Identified the +0 robe of Sorcery {rF- rN++ Dex+2}
 15188 | Lair:2   | Reached skill level 5 in Fire Magic
 15623 | Lair:2   | Reached XP level 14. HP: 87/93 MP: 14/23
 16729 | Lair:3   | Found an ornate altar of the Wu Jian Council.
 16768 | Lair:3   | Found a hide-covered altar of Uskayaw.
 17055 | Lair:3   | Found a staircase to the Shoals.
 17079 | Lair:3   | Noticed Amaemon
 17086 | Lair:3   | Killed Amaemon
 17590 | Lair:3   | Found a staircase to the Snake Pit.
 18190 | Lair:4   | Identified the +7 morningstar of Superiority {venom, Dex+5}
 18927 | Lair:4   | Found a viscous altar of Jiyva.
 18929 | Lair:4   | Found a staircase to the Slime Pits.
 19394 | Lair:5   | Entered Level 5 of the Lair of Beasts
 19440 | Lair:5   | Reached XP level 15. HP: 63/98 MP: 9/24
 20646 | Lair:5   | Identified the +6 war axe of Huinkoe {drain, rF+}
 20837 | Lair:5   | Reached skill level 15 in Evocations
 22516 | D:12     | Reached skill level 15 in Axes
 22516 | D:12     | Reached XP level 16. HP: 108/108 MP: 26/26
 22735 | D:12     | Identified the +0 robe of Spite {Fly}
 23356 | D:12     | Acquired the ring "Pem Dax" {rElec rN+ Will++ AC+4 Str-3}
 24697 | D:13     | Found a gate to the Vaults.
 25028 | D:14     | Found Vaduhas's Weapon Shop.
 25064 | D:14     | Reached XP level 17. HP: 109/113 MP: 13/27
 25065 | D:14     | Found a radiant altar of Vehumet.
 25574 | D:14     | Noticed Jorgrun
 25583 | D:14     | Killed Jorgrun
 25795 | D:15     | Entered Level 15 of the Dungeon
 25912 | D:15     | Identified the +10 plate armour "Voset" {Rampage rCorr}
 26230 | D:15     | Found a staircase to the Depths.
 26982 | D:15     | Found a runed translucent gate.
 26982 | D:15     | Found a runed translucent gate.
 26983 | D:15     | Found a runed translucent gate.
 26983 | D:15     | Noticed Otyfaod's ghost (adept GrFi)
 27342 | Shoals:1 | Entered Level 1 of the Shoals
 27983 | Shoals:1 | Reached skill level 5 in Fighting
 28244 | Shoals:1 | You are sucked into a shaft and drop 1 floor!
 30306 | Shoals:2 | Reached XP level 18. HP: 89/125 MP: 4/28
 30863 | Shoals:2 | Reached skill level 10 in Staves
 33041 | Shoals:4 | Entered Level 4 of the Shoals
 33376 | Shoals:4 | Noticed Kirke
 33387 | Shoals:4 | Killed Kirke
 33922 | Shoals:4 | Reached skill level 10 in Fighting
 34604 | Shoals:4 | Noticed Bai Suzhen
 34635 | Shoals:3 | Killed Bai Suzhen
 34833 | Shoals:4 | Reached XP level 19. HP: 117/142 MP: 18/29
 35208 | Shoals:4 | Identified the +8 flail of the Ears {freeze, rC++ Str+4}
 35243 | Shoals:4 | Got a barnacled rune of Zot
 35698 | Snake:1  | Entered Level 1 of the Snake Pit
 35874 | Snake:1  | Found Vojot's Assorted Antiques.
 35882 | Snake:1  | Bought a scroll of identify for 52 gold pieces
 36620 | Snake:1  | Reached skill level 1 in Conjurations
 36794 | Snake:1  | Reached skill level 2 in Conjurations
 36970 | Snake:1  | Reached skill level 3 in Conjurations
 37385 | Snake:2  | Reached skill level 4 in Conjurations
 37779 | Snake:2  | Reached skill level 5 in Conjurations
 37914 | Snake:2  | Reached skill level 6 in Conjurations
 37987 | Snake:2  | Found Laod's General Store.
 37996 | Snake:2  | Bought the +4 helmet of Joyf {Dex+2 SInv} for 758 gold
                  | pieces
 37996 | Snake:2  | Bought a scroll of magic mapping for 142 gold pieces
 37996 | Snake:2  | Bought a scroll of magic mapping for 142 gold pieces
 38391 | Snake:2  | Found Aghim's Firing Range.
 38567 | Snake:2  | Reached skill level 7 in Conjurations
 39653 | Snake:3  | Reached skill level 8 in Conjurations
 39900 | Snake:3  | Found Ixaxt's Neck Hole.
 39924 | Snake:3  | Bought a scarf of repulsion for 168 gold pieces
 40193 | Snake:3  | Noticed Donald
 40198 | Snake:3  | Killed Donald
 40199 | Snake:3  | Reached skill level 9 in Conjurations
 40316 | Snake:3  | Noticed Aizul
 40330 | Snake:3  | Killed Aizul
 40987 | Vaults:1 | Entered Level 1 of the Vaults
 41272 | D:13     | Reached skill level 10 in Conjurations
 41284 | Vaults:1 | Reached XP level 20. HP: 121/149 MP: 11/30
 41648 | Vaults:1 | Reached skill level 11 in Conjurations
 42116 | Vaults:1 | Found Ehaonakhao's Magic Scroll Emporium.
 42123 | Vaults:1 | Bought a scroll of acquirement for 832 gold pieces
 42123 | Vaults:1 | Acquired the scarf "Fiyfauh" {+Inv, rF+ rCorr Int+4}
 42551 | Vaults:1 | Reached skill level 12 in Conjurations
 42661 | Vaults:2 | Noticed Xtahua
 42674 | Vaults:2 | Killed Xtahua
 43247 | Vaults:2 | Reached skill level 13 in Conjurations
 43408 | Vaults:2 | Learned a level 7 spell: Orb of Destruction
 44202 | Vaults:2 | Noticed a bone dragon
 44219 | Vaults:2 | Killed a bone dragon
 44366 | Vaults:2 | Found a staircase to the Crypt.
 44707 | Elf:1    | Entered Level 1 of the Elven Halls
 44873 | Elf:1    | Reached skill level 14 in Conjurations
 44874 | Elf:1    | Reached XP level 21. HP: 155/155 MP: 13/31
 44960 | Elf:1    | Found Airphiddi's Alliterative Accessories.
 44969 | Elf:1    | Bought a scroll of acquirement for 572 gold pieces
 44969 | Elf:1    | Acquired 649 gold pieces
 45211 | Elf:1    | Found Vuolit's Armour Boutique.
 45391 | Elf:1    | Paralysed by an air elemental for 1 turns
 45395 | Elf:1    | Paralysed by an air elemental for 1 turns
 45478 | Elf:1    | Found a radiant altar of Vehumet.
 45522 | Elf:1    | Paralysed by an air elemental for 1 turns
 45620 | Elf:1    | Got the Omnibus of Arson
 45928 | Elf:1    | Found Tulaurch Uqia's Antique Weapon Boutique.
 46216 | Elf:2    | Found a flickering gateway to a bazaar.
 46267 | Bazaar   | Entered a bazaar
 46267 | Bazaar   | Found Satiany's Book Shoppe.
 46267 | Bazaar   | Found Kydutola's Jewellery Shoppe.
 46288 | Bazaar   | Found Ereolosu's Jewellery Emporium.
 46288 | Bazaar   | Found Miharghit's Magic Scroll Emporium.
 46305 | Bazaar   | Bought a scroll of blinking for 45 gold pieces
 46561 | Elf:2    | Found a runed translucent gate.
 46562 | Elf:2    | Found a runed translucent gate.
 46562 | Elf:2    | Found a runed translucent gate.
 46671 | Elf:2    | Noticed Azrael
 46728 | Elf:3    | Entered Level 3 of the Elven Halls
 46960 | Elf:3    | Reached skill level 15 in Conjurations
 48066 | Elf:3    | Reached skill level 16 in Conjurations
 48418 | Elf:3    | Identified the +3 hand crossbow of the Unseen Realm
                  | {freeze, +Blink}
 48419 | Elf:3    | Identified the +4 great mace "Feit" {elec, Str+8 Int-4}
 48422 | Elf:3    | Identified the +9 great mace "Hudys" {heavy, Dex+6}
 48683 | Elf:3    | Reached skill level 5 in Armour
 48683 | Elf:3    | Reached skill level 5 in Dodging
 49020 | Elf:3    | Identified the +2 glaive of Umieth {holy, Int+3}
 49020 | Elf:3    | Identified the amulet of Teut {RegenMP Dex+4 Stlth-}
 49081 | Elf:3    | Gained mutation: You occasionally shout uncontrollably at
                  | your foes. [a cacodemon]
 49310 | Elf:3    | Identified the +3 plate armour of Grot {rPois Will- Regen+}
 49312 | Elf:3    | Identified the staff of earth "Ximpel" {rN+}
 49319 | Elf:3    | Identified the +1 helmet "Hoff" {Harm rPois Will- Slay+5}
 49320 | Elf:3    | Identified the +5 scale mail of the Freezing Gods {Will+
                  | rCorr Int+4}
 49324 | Elf:3    | Identified the staff of air "Virpha" {rElec Str+7 Int+4
                  | Stlth-}
 49327 | Elf:3    | Got the Annotations on Evolved Bad Luck
 49340 | Elf:3    | Identified the staff of conjuration "Setyk" {Int+2}
 49418 | Elf:3    | Got Sif Muna's Cyclopedia of Electrocution
 49422 | Elf:3    | Identified the +6 arbalest "Ossoisaino" {flame, Int+3}
 49519 | Elf:1    | Bought the +3 Elemental Staff {rElec rF+ rC+ AC+3} for 1484
                  | gold pieces
 49519 | Elf:1    | Found the +3 Elemental Staff {rElec rF+ rC+ AC+3}
 49530 | Elf:1    | Learned a level 9 spell: Fire Storm
 49745 | Crypt:1  | Entered Level 1 of the Crypt
 49815 | Vaults:3 | Noticed Saint Roka
 50130 | Vaults:3 | Found a magical portal.
 50139 | WizLab   | Entered Lehudib's Moon Base
 50164 | WizLab   | Reached XP level 22. HP: 77/161 MP: 9/32
 50359 | WizLab   | Found a transporter.
 50654 | WizLab   | Gained mutation: You occasionally lose the ability to drink
                  | potions when taking damage. [a neqoxec]
 50657 | WizLab   | Lost mutation: You occasionally lose the ability to drink
                  | potions when taking damage. [potion of mutation]
 50657 | WizLab   | Lost mutation: You occasionally shout uncontrollably at
                  | your foes. [potion of mutation]
 50657 | WizLab   | Gained mutation: You sometimes lose your temper in combat.
                  | [potion of mutation]
 50657 | WizLab   | Gained mutation: You occasionally lose the ability to read
                  | scrolls when taking damage. [potion of mutation]
 50658 | WizLab   | Lost mutation: You occasionally lose the ability to read
                  | scrolls when taking damage. [potion of mutation]
 50658 | WizLab   | Lost mutation: You sometimes lose your temper in combat.
                  | [potion of mutation]
 50658 | WizLab   | Gained mutation: You passively map a small area around you.
                  | [potion of mutation]
 50658 | WizLab   | Gained mutation: You are agile. (Dex +4, Str/Int -1)
                  | [potion of mutation]
 50658 | WizLab   | Gained mutation: You are partially covered in large bone
                  | plates. (SH +4) [potion of mutation]
 52011 | WizLab   | Reached skill level 17 in Conjurations
 52355 | WizLab   | Found a transporter.
 52393 | WizLab   | Learned a level 6 spell: Starburst
 52842 | WizLab   | Got Lehudib's Spellbook of the Translocational Fault
 53833 | Vaults:3 | Killed Saint Roka
 53834 | Vaults:3 | Reached skill level 10 in Fire Magic
 54425 | Vaults:3 | Reached skill level 18 in Conjurations
 55187 | Vaults:4 | Reached XP level 23. HP: 134/167 MP: 16/33
 55352 | Vaults:4 | Found Xiduhuif's Magic Scroll Shop.
 55380 | Vaults:4 | Noticed Sojobo
 55390 | Vaults:4 | Killed Sojobo
 55685 | Vaults:4 | Noticed Mara
 56074 | Vaults:4 | Found Uqaytuim's Weapon Emporium.
 56088 | Vaults:4 | Noticed Zeldest's illusion
 56741 | Vaults:4 | Noticed Zeldest's illusion
 56756 | Vaults:4 | Noticed Zeldest's illusion
 56775 | Vaults:4 | Noticed Jory
 57035 | Vaults:4 | Learned a level 6 spell: Iron Shot
 57068 | Vaults:4 | Found Wooch's Weapon Emporium.
 57412 | Vaults:4 | Noticed Zeldest's illusion
 57435 | Vaults:4 | Killed Mara
 57547 | Vaults:4 | Killed Jory
 57548 | Vaults:4 | Reached skill level 19 in Conjurations
 57967 | Snake:4  | Entered Level 4 of the Snake Pit
 58277 | Snake:4  | Found a shimmering altar of Xom.
 60174 | Snake:4  | Got a serpentine rune of Zot
 60557 | Depths:1 | Entered Level 1 of the Depths
 60557 | Depths:1 | You are sucked into a shaft and drop 1 floor!
 60725 | Depths:1 | Found a hide-covered altar of Uskayaw.
 60869 | Depths:1 | Identified the +9 mace "Etom" {drain, rC+ Str-2 Dex+2
                  | Stlth+}
 60875 | Depths:1 | Lost mutation: You are partially covered in large bone
                  | plates. (SH +4) [potion of mutation]
 60875 | Depths:1 | Lost mutation: You are agile. (Dex +4, Str/Int -1) [potion
                  | of mutation]
 60875 | Depths:1 | Lost mutation: You passively map a small area around you.
                  | [potion of mutation]
 60875 | Depths:1 | Gained mutation: You are clumsy. (Dex -2) [potion of
                  | mutation]
 60875 | Depths:1 | Gained mutation: You have sharp toenails. [potion of
                  | mutation]
 60876 | Depths:1 | Lost mutation: You have sharp toenails. [potion of
                  | mutation]
 60876 | Depths:1 | Lost mutation: You are clumsy. (Dex -2) [potion of
                  | mutation]
 60876 | Depths:1 | Gained mutation: You possess an exceptional clarity of
                  | mind. [potion of mutation]
 60881 | Depths:1 | Identified the staff of cold "Ejazesh" {rF+ rC+}
 61019 | Depths:1 | Reached XP level 24. HP: 174/174 MP: 17/33
 61059 | Depths:1 | Reached skill level 20 in Conjurations
 61062 | Depths:1 | Found Micaicehu's Book Shoppe.
 61125 | Depths:1 | Learned a level 6 spell: Plasma Beam
 61128 | Depths:1 | Found Qykluwka's Jewellery Boutique.
 61129 | Depths:1 | Found Ipaetaka's Book Shoppe.
 61145 | Depths:1 | Found a one-way gate leading to the halls of Pandemonium.
 61162 | Depths:1 | Reached skill level 1 in Air Magic
 61201 | Depths:1 | Found a one-way gateway to a ziggurat.
 61606 | Depths:1 | Found a gateway to Hell.
 61887 | Depths:1 | Reached skill level 15 in Fire Magic
 62043 | Depths:1 | Got the Information on the Foggy Gang
 62044 | Depths:1 | Identified the ring of Nuik {rElec Will+ Int+3 Slay+2 SInv}
 62272 | Depths:1 | Identified the staff of cold "Qaetom" {rC+ Will+}
 62603 | Depths:2 | Noticed a golden dragon
 63069 | Depths:2 | Noticed a caustic shrike
 63185 | Depths:2 | Killed a caustic shrike
 63338 | Depths:2 | Learned a level 7 spell: Spellforged Servitor
 63505 | Depths:2 | Reached skill level 1 in Summonings
 63941 | Depths:2 | Noticed a golden dragon
 63941 | Depths:2 | Noticed a golden dragon
 63956 | Depths:2 | Killed a golden dragon
 64232 | Depths:2 | Killed a golden dragon
 64239 | Depths:2 | Reached skill level 5 in Summonings
 64695 | Depths:2 | Noticed Louise
 64714 | Depths:2 | Killed Louise
 64795 | Depths:2 | Found a one-way gate to the infinite horrors of the Abyss.
 64827 | Depths:2 | Gained mutation: Your magical capacity is low. (-10% MP) [a
                  | shining eye]
 64862 | Depths:2 | Lost mutation: You possess an exceptional clarity of mind.
                  | [potion of mutation]
 64862 | Depths:2 | Lost mutation: Your magical capacity is low. (-10% MP)
                  | [potion of mutation]
 64862 | Depths:2 | Gained mutation: You are clumsy. (Dex -2) [potion of
                  | mutation]
 64862 | Depths:2 | Gained mutation: You have a beak for a mouth. [potion of
                  | mutation]
 64863 | Depths:2 | Lost mutation: You have a beak for a mouth. [potion of
                  | mutation]
 64863 | Depths:2 | Lost mutation: You are clumsy. (Dex -2) [potion of
                  | mutation]
 64863 | Depths:2 | Gained mutation: Your natural rate of healing is unusually
                  | fast. [potion of mutation]
 64863 | Depths:2 | Gained mutation: You passively map a small area around you.
                  | [potion of mutation]
 64863 | Depths:2 | Gained mutation: You are partially covered in iridescent
                  | scales. (AC +2) [potion of mutation]
 64863 | Depths:2 | Gained mutation: Your movements are slightly less
                  | encumbered by armour. (ER -2) [potion of mutation]
 65362 | Depths:3 | Reached XP level 25. HP: 180/180 MP: 27/34
 66193 | Depths:3 | Noticed a caustic shrike
 66196 | Depths:3 | Killed a caustic shrike
 66547 | Depths:4 | Entered Level 4 of the Depths
 66784 | Depths:4 | Reached skill level 5 in Earth Magic
 66868 | Depths:4 | Found a runed translucent door.
 66870 | Depths:4 | Noticed Gavod's ghost (veteran TeWr)
 66908 | Depths:4 | Noticed a juggernaut
 66914 | Depths:4 | Killed a juggernaut
 67469 | Depths:4 | Reached skill level 10 in Summonings
 67732 | Depths:4 | Identified the staff of cold "Iranlof" {rF+ rC+ rN+ Int-3}
 68313 | Depths:4 | Found a gate to the Realm of Zot.
 69108 | Vaults:5 | Entered Level 5 of the Vaults
 69113 | Vaults:5 | Noticed a dread lich
 69114 | Vaults:5 | Reached XP level 26. HP: 123/187 MP: 9/34
 69117 | Vaults:5 | Noticed a dread lich
 69119 | Vaults:5 | Reached skill level 10 in Earth Magic
 69433 | Vaults:5 | Killed a dread lich
 69772 | Vaults:5 | Identified the staff of air "Upneum" {rElec rF+++}
 69859 | Vaults:5 | Got a silver rune of Zot
 69929 | Vaults:5 | Noticed a dread lich
 69935 | Vaults:5 | Killed a dread lich
 70013 | Vaults:5 | Noticed an ancient lich
 70021 | Vaults:5 | Killed an ancient lich
 70159 | Vaults:5 | Reached skill level 10 in Spellcasting
 70227 | Vaults:5 | Killed a dread lich
 70475 | Vaults:5 | Identified the +0 scale mail of Dogmatism {rPois}
 70488 | Vaults:5 | Identified the staff of poison "Hisokev" {rPois rF+ Stlth+}
 70505 | Vaults:5 | Noticed a dread lich
 70638 | Vaults:5 | Reached XP level 27. HP: 192/192 MP: 19/37
 70802 | Vaults:5 | Killed a dread lich
 71234 | Vaults:5 | Got Plog's Quarto of Charming Space
 73134 | Crypt:2  | Found a transporter.
 73154 | Crypt:2  | Found a transporter.
 73500 | Crypt:2  | Found a basalt altar of Yredelemnul.
 73892 | Crypt:2  | Noticed Zenata
 73905 | Crypt:2  | Killed Zenata
 74241 | Crypt:3  | Entered Level 3 of the Crypt
 74661 | Crypt:3  | Learned a level 8 spell: Ignition
 74814 | Crypt:3  | Found a staircase to the Tomb.
 75297 | Crypt:3  | Found a basalt altar of Yredelemnul.
 76018 | Crypt:3  | Reached skill level 21 in Conjurations
 76526 | Crypt:3  | Found the ring of the Tortoise {AC+8}
 76529 | Crypt:3  | Identified the +5 arbalest "Quwamu" {speed, Str+6}
 77017 | Crypt:3  | Found a basalt altar of Yredelemnul.
 77561 | Zot:1    | Entered Level 1 of the Realm of Zot
 78080 | Slime:1  | Entered Level 1 of the Pits of Slime
 78399 | Slime:5  | Entered Level 5 of the Pits of Slime
 78663 | Slime:5  | Noticed the Royal Jelly
 78671 | Slime:5  | Killed the Royal Jelly
 79188 | Slime:2  | Reached skill level 22 in Conjurations
 79815 | Slime:5  | Got the Volume of the Foremost Visionaries
 79818 | Slime:5  | Identified the ring "Lulu" {Fly Stlth+}
 79843 | Slime:5  | Got the Notes on Calling and Glamour
 79857 | Slime:5  | Identified the +9 arbalest of the Sky {penet, Drain Dex+7
                  | Stlth+}
 79875 | Slime:5  | Identified the +1 quarterstaff of Beogh's Anger {vamp,
                  | Stlth+}
 79908 | Slime:5  | Identified the +10 long sword "Taphech" {venom, Fly rC-
                  | Dex+5}
 79925 | Slime:5  | Got a slimy rune of Zot
 81082 | Zig:1    | Entered Level 1 of a ziggurat
 81104 | Zig:2    | Entered Level 2 of a ziggurat
 81129 | Zig:2    | Noticed a dread lich
 81187 | Zig:3    | Entered Level 3 of a ziggurat
 81232 | Zig:4    | Entered Level 4 of a ziggurat
 81383 | Zig:4    | Acquired 858 gold pieces
 81385 | Zig:4    | Identified the +8 arbalest of the Endless Expanse {freeze,
                  | rPois Stlth+}
 81405 | Zig:5    | Entered Level 5 of a ziggurat
 81410 | Zig:5    | Noticed an ancient lich
 81412 | Zig:5    | Killed an ancient lich
 81458 | Zig:6    | Entered Level 6 of a ziggurat
 81464 | Zig:6    | Noticed Kyewofax the pandemonium lord
 81472 | Zig:6    | Killed Kyewofax the pandemonium lord
 81545 | Zig:7    | Entered Level 7 of a ziggurat
 81665 | Zig:7    | Identified the +1 leather armour "Kateazyi" {Rampage Regen+
                  | Str-3 Stlth-}
 81670 | Zig:7    | Identified the +9 mace of the Peculiar Villages {venom,
                  | +Blink Will+ rCorr Int-4}
 81674 | Zig:8    | Entered Level 8 of a ziggurat
 81686 | Zig:8    | Reached skill level 23 in Conjurations
 81759 | Zig:9    | Entered Level 9 of a ziggurat
 81767 | Zig:9    | Found the +3 Mad Mage's Maulers {Infuse+∞ VampMP -Cast}
 81768 | Zig:9    | Noticed a dread lich
 81773 | Zig:9    | Killed a dread lich
 81836 | Zig:9    | Identified the +1 chain mail "Qytydar" {rPois}
 81859 | Zig:10   | Entered Level 10 of a ziggurat
 81878 | Zig:10   | Noticed a juggernaut
 81878 | Zig:10   | Noticed a juggernaut
 81878 | Zig:10   | Noticed a juggernaut
 81881 | Zig:10   | Killed a juggernaut
 81881 | Zig:10   | Killed a juggernaut
 81883 | Zig:10   | Killed a juggernaut
 81957 | Zig:10   | Identified the ring of Onouqush {EV+5 Str+4 Int+5 Dex-5}
 81987 | Zig:11   | Entered Level 11 of a ziggurat
 82015 | Zig:11   | Identified the +0 war axe of Bile {flame, rF+ Int+4}
 82017 | Zig:11   | Identified the +1 robe of the Ladybird {rC+++}
 82059 | Zig:12   | Entered Level 12 of a ziggurat
 82079 | Zig:12   | Noticed a juggernaut
 82086 | Zig:12   | Killed a juggernaut
 82122 | Zig:12   | Identified the +1 hand axe of Purpose {flame, Dex+3}
 82127 | Zig:12   | Identified the staff of poison "Vemopixt" {+Blink rPois rN+
                  | Int+2}
 82132 | Zig:12   | Identified the ring of Pessimism {Contam rF+ rC+ Dex+6}
 82139 | Zig:12   | Identified the +3 dagger "Usos" {drain, rPois rF+++ rC-
                  | Dex-2}
 82146 | Zig:12   | Identified the +10 plate armour "Reukh" {rElec Will- rCorr
                  | Str+9}
 82149 | Zig:12   | Identified the +0 pair of gloves of Duck's Teeth {rCorr
                  | Str+6}
 82150 | Zig:12   | Identified the +10 spear "Grim Tooth" {drain, +Blink Dex+3}
 82278 | Zot:1    | Reached skill level 24 in Conjurations
 82868 | Zot:4    | Noticed an orb of fire
 82884 | Zot:4    | Gained mutation: You are dopey. (Int -2) [an orb of fire]
 82887 | Zot:4    | Killed an orb of fire
 83069 | Zot:4    | Noticed a Killer Klown
 83091 | Zot:4    | Killed a Killer Klown
 83197 | Zot:4    | Learned a level 2 spell: Blink
 83206 | Zot:4    | Learned a level 8 spell: Lehudib's Crystal Spear
 83891 | Zot:5    | Entered Level 5 of the Realm of Zot
 84072 | Zot:5    | Found the +3 greatsling "Punk" {acid, rCorr}
 84904 | Zot:5    | Noticed a dread lich
 84909 | Zot:5    | Killed a dread lich
 84910 | Zot:5    | Reached skill level 1 in Shields
 84928 | Zot:5    | Noticed an orb of fire
 84933 | Zot:5    | Gained mutation: You sometimes lose your temper in combat.
                  | [an orb of fire]
 84934 | Zot:5    | Killed an orb of fire
 84979 | Zot:5    | Lost mutation: You are dopey. (Int -2) [potion of mutation]
 84979 | Zot:5    | Lost mutation: Your movements are slightly less encumbered
                  | by armour. (ER -2) [potion of mutation]
 84979 | Zot:5    | Lost mutation: You are partially covered in iridescent
                  | scales. (AC +2) [potion of mutation]
 84979 | Zot:5    | Lost mutation: Your natural rate of healing is unusually
                  | fast. [potion of mutation]
 84979 | Zot:5    | Gained mutation: You are strong-willed. (Will+) [potion of
                  | mutation]
 84980 | Zot:5    | Lost mutation: You are strong-willed. (Will+) [potion of
                  | mutation]
 84980 | Zot:5    | Lost mutation: You passively map a small area around you.
                  | [potion of mutation]
 84980 | Zot:5    | Gained mutation: Your spells are a little easier to cast,
                  | but a little less powerful. [potion of mutation]
 84980 | Zot:5    | Gained mutation: You passively map a small area around you.
                  | [potion of mutation]
 84980 | Zot:5    | Gained mutation: Your body sometimes deteriorates upon
                  | taking damage. [potion of mutation]
 84981 | Zot:5    | Lost mutation: Your body sometimes deteriorates upon taking
                  | damage. [potion of mutation]
 84981 | Zot:5    | Lost mutation: You passively map a small area around you.
                  | [potion of mutation]
 84981 | Zot:5    | Lost mutation: You sometimes lose your temper in combat.
                  | [potion of mutation]
 84981 | Zot:5    | Gained mutation: You are vulnerable to cold. (rC-) [potion
                  | of mutation]
 84981 | Zot:5    | Gained mutation: You are partially covered in iridescent
                  | scales. (AC +2) [potion of mutation]
 84981 | Zot:5    | Gained mutation: You are agile. (Dex +4, Str/Int -1)
                  | [potion of mutation]
 84982 | Zot:5    | Lost mutation: You are vulnerable to cold. (rC-) [potion of
                  | mutation]
 84982 | Zot:5    | Lost mutation: You are partially covered in iridescent
                  | scales. (AC +2) [potion of mutation]
 84982 | Zot:5    | Lost mutation: You are agile. (Dex +4, Str/Int -1) [potion
                  | of mutation]
 84982 | Zot:5    | Gained mutation: You are partially covered in iridescent
                  | scales. (AC +2) [potion of mutation]
 84982 | Zot:5    | Gained mutation: You are weak. (Str -2) [potion of
                  | mutation]
 84983 | Zot:5    | Lost mutation: You are weak. (Str -2) [potion of mutation]
 84983 | Zot:5    | Lost mutation: Your spells are a little easier to cast, but
                  | a little less powerful. [potion of mutation]
 84983 | Zot:5    | Lost mutation: You are partially covered in iridescent
                  | scales. (AC +2) [potion of mutation]
 84983 | Zot:5    | Gained mutation: You are partially covered in iridescent
                  | scales. (AC +2) [potion of mutation]
 84983 | Zot:5    | Gained mutation: You are partially covered in large bone
                  | plates. (SH +4) [potion of mutation]
 84983 | Zot:5    | Gained mutation: Your mind is acute. (Int +4, Str/Dex -1)
                  | [potion of mutation]
 85034 | Zot:5    | Noticed an orb of fire
 85040 | Zot:5    | Gained mutation: You occasionally shout uncontrollably at
                  | your foes. [an orb of fire]
 85042 | Zot:5    | Killed an orb of fire
 85223 | Zot:5    | Noticed a Killer Klown
 85235 | Zot:5    | Killed a Killer Klown
 85356 | Zot:5    | Reached skill level 10 in Armour
 85356 | Zot:5    | Reached skill level 10 in Dodging
 85592 | Zot:5    | Noticed an orb of fire
 85595 | Zot:5    | Gained mutation: You are weak. (Str -2) [an orb of fire]
 85598 | Zot:5    | Killed an orb of fire
 85682 | Zot:5    | Noticed a Killer Klown
 85691 | Zot:5    | Killed a Killer Klown
 85692 | Zot:5    | Noticed a dread lich
 85693 | Zot:5    | Noticed an orb of fire
 85696 | Zot:5    | Killed a dread lich
 85700 | Zot:5    | Killed an orb of fire
 85706 | Zot:5    | Noticed a Killer Klown
 85708 | Zot:5    | Noticed a Killer Klown
 85709 | Zot:5    | Noticed a Killer Klown
 85712 | Zot:5    | Noticed a Killer Klown
 85739 | Zot:5    | Killed a Killer Klown
 85740 | Zot:5    | Killed a Killer Klown
 85740 | Zot:5    | Killed a Killer Klown
 85887 | Zot:5    | Killed a Killer Klown
 85995 | Zot:5    | Noticed an ancient lich
 86004 | Zot:5    | Killed an ancient lich
 86005 | Zot:5    | Reached skill level 5 in Shields
 86021 | Zot:5    | Noticed a Killer Klown
 86067 | Zot:5    | Killed a Killer Klown
 86664 | Temple   | Entered the Ecumenical Temple
 87426 | Zot:5    | Noticed a Killer Klown
 87431 | Zot:5    | Killed a Killer Klown
 87571 | Zot:5    | Got the Orb of Zot
 87801 | Depths:4 | Noticed Vefrefon the pandemonium lord
 87963 | D:13     | Noticed Dohawyuc the pandemonium lord
 87970 | D:13     | Killed Dohawyuc the pandemonium lord
 88090 | Temple   | Became a worshipper of Xom of Chaos
 88108 | Temple   | XOM: potion effect (brilliance)
 88160 | D:4      | Noticed Natasha
 88162 | D:4      | Killed Natasha
 88253 | D:$      | Escaped with the Orb!

Illustrated notes

Levels and vault maps discovered:
D:1:      saegor_arrival_simple_b, layout_basic, basic_ecumenical_altar
D:2:      layout_basic
D:3:      layout_rooms, minmay_misc_feat_x
D:4:      layout_cave_pools, nicolae_ru_sacrificial_ziggurat,
          okawaru_metal_pillars_1_2, uniq_natasha
D:5:      layout_rooms, zin_treasury, gammafunk_ghost_arena,
          portal_sewer_entry_e, minmay_starry_boxes
D:6:      layout_rooms, minitemple, mainiacjoe_overflow_brackets,
          minmay_temple_entry_sparse_star, minmay_pentangle
D:7:      layout_rooms, nicolae_vehumet_altar_sigil, uniq_maggie,
          uniq_prince_ribbit1
D:8:      layout_rooms, mainiacjoe_overflow_paths, serial_shops,
          nicolae_stop_n_shop_2
D:9:      layout_cave_pools, orc_david_3, enter_bailey_4,
          amcnicky_mini_rare_corridor_liquid, centaur_isle
D:10:     layout_cave_pools, mainiacjoe_overflow_surrounded_room,
          lair_entry_dummy, skrybe_limestone_x, uniq_lodul
D:11:     layout_long_grid
D:12:     layout_gridville
D:13:     layout_long_grid, david_vaults_1
D:14:     layout_roguey, basic_altar, serial_shops, shop_statue, uniq_jorgrun
D:15:     hangedman_depths_entry_civil_slaughter, layout_basic,
          gammafunk_ghost_spectres
Temple:   nicolae_temple_figure_eight
Lair:1:   layout_loops_ring
Lair:2:   layout_roguey, grunt_megastairs_3, lemuel_fruit_tree
Lair:3:   layout_long_grid, minmay_shoals_entry_beasts,
          nicolae_snake_entry_warm_welcome, nzn_masters_of_martial_movement,
          uniq_amaemon
Lair:4:   layout_cave_shapes, dpeg_slime_entry_corner
Lair:5:   minmay_lair_end_frog_pond, layout_gridlike, cheibrodos_lair_lostbears,
          infiniplex_staircase_pool
Shoals:1: layout_shoals, argonaut_gorgonesque
Shoals:2: nicolae_shoals_deep_elves_summer_vacation, layout_shoals,
          hangedman_shoal_volcano
Shoals:3: layout_shoals
Shoals:4: shoals_end_hellmonk_lost_city, serial_shops, uniq_kirke,
          uniq_bai_suzhen
Snake:1:  layout_rooms, serial_shops, shop, st_stairs_4,
          nicolae_snake_gridmaze_zigzag, serial_bayou_shore_a
Snake:2:  layout_chambers, serial_shops, nicolae_stop_n_shop_1,
          nicolae_shop_firing_range
Snake:3:  layout_concentric_octagons, nicolae_shop_sticking_my_neck_out,
          grunt_megastairs_1, uniq_aizul, uniq_donald
Snake:4:  grunt_snake_rune_pools, layout_cave_pods, basic_altar,
          grunt_megastairs_4
Slime:1:  layout_caves
Slime:2:  layout_caves
Slime:3:  layout_caves
Slime:4:  nicolae_slime_pool, layout_caves
Slime:5
Orc:1:    layout_caves, basic_altar
Orc:2:    grunt_orc_gardens, layout_caves, grunt_orc_garden, grunt_orc_garden,
          grunt_orc_garden, grunt_orc_garden, nicolae_orc_tapped_out
Elf:1:    eino_elf_arrival_sip, layout_gridlike, serial_shops,
          nicolae_shop_statue_plus, nicolae_shop_overgrown_old_shop,
          basic_altar, minmay_elf_crystal_heptagon, nicolae_alphabet_shops,
          nicolae_elf_loose_elemental_storage
Elf:2:    nicolae_elf_blades_crystal_corner, layout_rooms, serial_shops,
          bzr_entry_islet, uniq_louise, uniq_azrael
Elf:3:    elf_hall, layout_onion_city
Vaults:1: vaults_mumra_hexcomb, grunt_vaults_funnel, nicolae_vaults_asterisk,
          v_pattern_2, v_misc_17, v_misc_8, grunt_vaults_hallway_short,
          vaults_mumra_chevron_long, nicolae_vaults_mini_display_case,
          ontoclasm_vaults_gateway, nicolae_vaults_little_squares_1,
          vaults_room_pools, layout_vaults_omnicross, serial_shops, shop_scrolls
Vaults:2: nicolae_vaults_three_branches, ontoclasm_vaults_spin,
          vaults_mumra_chevron, nicolae_vaults_murderbox,
          minmay_crypt_entry_nasty_monster, v_alt_pattern_6, vaults_dpeg_hooks,
          vaults_room_hallway, v_misc_2, v_misc_30, layout_vaults_omnigrid,
          uniq_xtahua
Vaults:3: mu_enter_wizlab_6, v_pattern_5, vaults_mumra_minichess_inversion,
          nicolae_vaults_little_squares_5, nicolae_vaults_know_your_exits,
          hangedman_vaults_snaps, v_misc_24, hangedman_vaults_stagger,
          nicolae_vaults_big_angled_halls, v_rooms_4, ontoclasm_vaults_chip,
          v_misc_24, layout_vaults_big_room, uniq_saint_roka
Vaults:4: ontoclasm_vaults_twist, nicolae_vaults_network_periphery, st_lines,
          v_alt_pattern_6, v_misc_15, v_misc_23, v_misc_2, v_misc_4,
          hangedman_vaults_restitches, vaults_dpeg_encased_lava,
          nicolae_vaults_little_squares_5, hangedman_vaults_impose,
          layout_vaults_maze_snakey, serial_shops, shop,
          nicolae_shop_bloodbath_and_beyond, nicolae_shop_advertising_works
          [nicolae_subvault_shop_adworks], uniq_mara, uniq_jory, uniq_sojobo
Vaults:5
Crypt:1:  layout_basic
Crypt:2:  gammafunk_sealed_arena, layout_misc_corridors, hangedman_blasphemy,
          uniq_zenata, uniq_margery
Crypt:3:  due_elkab, layout_chaotic_city, tomb_entry_forgotten_bobbens,
          basic_altar, lemuel_mausoleum_altar_yredelemnul
Depths:1: layout_basic, enter_ziggurat_d, nicolae_uskayaw_dance_hall,
          pf_hell_entry_great_geh, pan_entry, solitary_fountain,
          minmay_misc_feat_four_crosses, minivault_16, minivault_15,
          minmay_multi_spiral, minmay_shop_grove
Depths:2: nicolae_legendary_halls, layout_cave_shapes, grunt_decor_clamped,
          hell_entry, grunt_pan_entry_zigzag,
          nicolae_abyss_entry_one_way_or_another
Depths:3: minmay_octo_star, layout_cave_shapes, abyss_entry,
          grunt_hell_entry_dis_grunt
Depths:4: lemuel_castle_with_subvaults [lemuel_castle_interior_carwin_2],
          layout_gridlike, hell_entry, ebering_ghost_inner_flame
Zot:1:    layout_cathedral_of_symmetry, nicolae_diode_intersection
Zot:2:    gammafunk_mikee_crab_dinner, layout_onion_interference, drop_trap,
          serial_nicolae_subway, nicolae_sub_station_stone,
          nicolae_sub_station_metal, nicolae_sub_station_crystal
Zot:3:    layout_onion_interference
Zot:4:    lemuel_halls_of_wrath, layout_basic
Zot:5:    layout_gridville

Skill      XL: |  1  2  3  4  5  6  7  8  9 10 11 12 13 14 15 16 17 18 19 20 21 22 23 24 25 26 27 |
---------------+----------------------------------------------------------------------------------+-----
Spellcasting   | 1 2 4 5 6 7 10 13 | 13.2
Armour         | 3 4 5 11 | 11.5
Fighting       | 2 3 4 6 10 14 | 14.6
Evocations     | 5 6 7 9 10 12 14 15 16 17 | 17.4
Dodging        | 2 3 4 5 11 | 11.6
Staves         | 2 5 6 9 12 | 12.0
Transmutations | 2 4 6 7 |  7.1
Earth Magic    | 2 4 9 13 | 13.0
Axes           | 1 2 4 8 10 12 15 16 18 | 18.0
Poison Magic   | 4 5 7 |  7.1
Fire Magic     | 5 7 11 14 16 17 23 | 23.3
Conjurations   | 10 14 16 18 19 20 24 | 24.1
Air Magic      | 2 |  2.0
Summonings     | 6 12 | 12.0
Shields        | 6 |  6.7
Stealth        | |  1.0

Action                     |  1- 3 |  4- 6 |  7- 9 | 10-12 | 13-15 | 16-18 | 19-21 | 22-24 | 25-27 || total
---------------------------+-------+-------+-------+-------+-------+-------+-------+-------+-------++-------
  Melee: Unarmed           |   263 |       |       |       |       |       |       |       |       ||   263
         Punch             |     6 |     1 |     8 |     4 |     4 |     7 |       |       |       ||    30
         Dagger            |    19 |   230 |   437 |    44 |       |       |       |       |       ||   730
         Staff             |       |       |       |   116 |   322 |   245 |   550 |   660 |   709 ||  2602
         Broad axe         |       |       |       |       |    26 |   143 |   246 |   120 |    28 ||   563
  Throw: Dart              |       |     2 |     2 |       |     1 |       |       |       |       ||     5
   Cast: Ignite Poison     |       |       |       |       |    39 |    84 |    92 |    44 |    16 ||   275
         Orb of Destructio |       |       |       |       |       |       |    17 |   144 |     7 ||   168
         Starburst         |       |       |       |       |       |       |       |    34 |    16 ||    50
         Iron Shot         |       |       |       |       |       |       |       |    75 |   489 ||   564
         Spellforged Servi |       |       |       |       |       |       |       |     5 |   252 ||   257
         Plasma Beam       |       |       |       |       |       |       |       |     3 |       ||     3
         Ignition          |       |       |       |       |       |       |       |       |    75 ||    75
         Lehudib's Crystal |       |       |       |       |       |       |       |       |    25 ||    25
         Fire Storm        |       |       |       |       |       |       |       |       |    14 ||    14
Ability: Evoke the Staff o |       |       |       |    90 |   103 |   190 |   205 |   123 |    34 ||   745
  Evoke: Wand              |     5 |    10 |    19 |    11 |     5 |     5 |    16 |    24 |    37 ||   132
         Box of beasts     |       |       |       |       |       |       |     1 |     5 |     3 ||     9
         Condenser vane    |       |       |       |       |       |       |     1 |       |     1 ||     2
         Phantom mirror    |       |       |       |       |       |       |       |       |     3 ||     3
    Use: Scroll            |       |       |     4 |    15 |    10 |    13 |     4 |    13 |    19 ||    78
         Potion            |       |       |       |       |     1 |     3 |       |    10 |    38 ||    52
   Stab: Sleeping          |       |     1 |       |       |       |       |       |       |       ||     1
         Paralysed         |       |       |    17 |       |       |     5 |     1 |       |       ||    23
         Petrified         |       |       |       |       |       |     3 |       |       |       ||     3
         Distracted        |       |       |       |       |       |       |       |     1 |    17 ||    18
 Armour: Leather armour    |   146 |    23 |       |       |       |       |       |       |       ||   169
         Ring mail         |       |    97 |   285 |    56 |       |       |   389 |   212 |       ||  1039
         Scale mail        |       |       |       |    50 |   229 |   337 |    92 |       |       ||   708
         Troll leather arm |       |       |       |       |       |       |       |   100 |   476 ||   576
  Dodge: Dodged            |   256 |   157 |   229 |   142 |   199 |   244 |   427 |   368 |   574 ||  2596
         Repelled          |       |       |       |       |       |       |     2 |       |       ||     2
  Block: Buckler           |       |       |       |       |       |    50 |   152 |   332 |   204 ||   738

Table legend: (Time is in decaauts)
 A = Elapsed time spent in this place.
 B = Non-inter-level travel time spent in this place.
 C = Inter-level travel time spent in this place.
 D = Time resting spent in this place.
 E = Time spent auto-exploring this place.
 F = Levels seen in this place.
 G = Mean time per level.
                   A        B        C        D        E       F      G
               +--------+--------+--------+--------+--------+-----+--------+
         Total |  87334 |  80998 |   6336 |  33375 |  26863 |  71 | 1230.1 |
       Dungeon |  18128 |  16222 |   1906 |   5800 |   6954 |  15 | 1208.5 |
        Temple |    257 |    220 |     37 |      0 |    204 |   1 |  257.0 |
          Lair |   8449 |   7592 |    857 |   3397 |   3171 |   5 | 1689.8 |
        Shoals |   8121 |   7885 |    236 |   4416 |   2097 |   4 | 2030.2 |
     Snake Pit |   7023 |   6723 |    300 |   2677 |   2336 |   4 | 1755.8 |
    Slime Pits |   2657 |   2498 |    159 |    650 |    929 |   5 |  531.4 |
  Orcish Mines |   2841 |   2640 |    201 |   1464 |    696 |   2 | 1420.5 |
   Elven Halls |   4724 |   4529 |    195 |   1651 |   1587 |   3 | 1574.7 |
        Vaults |  11327 |  10477 |    850 |   4532 |   3566 |   5 | 2265.4 |
         Crypt |   5186 |   4966 |    220 |   1751 |   1610 |   3 | 1728.7 |
        Depths |   9059 |   7954 |   1105 |   2761 |   2897 |   4 | 2264.8 |
           Zot |   4690 |   4426 |    264 |   1744 |    174 |   5 |  938.0 |
      Ziggurat |   1068 |   1068 |      0 |    494 |     47 |  12 |   89.0 |
        Bazaar |     40 |     40 |      0 |     20 |     15 |   1 |   40.0 |
        Bailey |    773 |    773 |      0 |    414 |     63 |   1 |  773.0 |
        Wizlab |   2983 |   2983 |      0 |   1602 |    517 |   1 | 2983.0 |
               +--------+--------+--------+--------+--------+-----+--------+

Top non-repeatable levels by time:
  WizLab: 2983 daAuts
 Crypt:3: 2767 daAuts
Vaults:2: 2726 daAuts
Depths:1: 2724 daAuts
Shoals:3: 2692 daAuts
Vaults:5: 2671 daAuts
Vaults:4: 2634 daAuts
   Elf:3: 2591 daAuts
   Zot:5: 2579 daAuts
Depths:4: 2547 daAuts
  Lair:3: 2431 daAuts
Shoals:1: 2156 daAuts
Depths:2: 2113 daAuts
 Snake:4: 2024 daAuts
    D:13: 1956 daAuts
